Cogmind - Beta 15 @@@ ROGUE MODE // 2025.05.18 @ 15:22:27 Player: opdo Result: Destroyed by LQ-7YS(R) with Subdweller Beam Cannon Performance ------------- Evolutions (0) 0 Regions Visited (2) 400 Robots Destroyed (24) 120 Value Destroyed (542) 542 Prototype IDs (1) 20 Alien Tech Used (0) 0 Bonus (0) 0 TOTAL SCORE: 1082 Bonus ------- None Cogmind --------- Core Integrity 0/250 Matter 176/300 Energy 100/100 System Corruption 0% Temperature Cool (9) Movement Treading (240) Ox1 Location -10/Subcaves Parts ------- > --- POWER (1) -------- (None) > --- PROPULSION (2) --- Light Treads > --- UTILITY (2) ------ Large Storage Unit > --- WEAPON (2) ------- Light Cannon > --- INVENTORY (15) --- Light Ion Engine Light Treads Light Treads Light Treads High-capacity Storage Unit Structural Scanner Light Armor Plating Light Armor Plating Assault Rifle Light Assault Rifle Light Cannon Improved Light Cannon Improved Light Cannon Improved Light Cannon Mining Laser Peak State ------------ > --- POWER ------------ Ion Engine > --- PROPULSION ------- Improved Flight Unit Improved Flight Unit > --- UTILITY ---------- Medium Storage Unit Core Shielding > --- WEAPON ----------- Assault Rifle Light Assault Rifle > --- INVENTORY -------- Aluminum Leg Aluminum Leg Aluminum Leg Large Storage Unit Huge Storage Unit Utility Shielding Light Assault Rifle Improved Light Cannon Mining Laser [Rating: 12] Favorites ----------- Power Light Ion Engine Engine Light Ion Engine Propulsion Aluminum Leg Treads Light Treads Leg Aluminum Leg Flight Unit Improved Flight Unit Utility Core Shielding Storage Medium Storage Unit Protection Core Shielding Weapon Light Assault Rifle Ballistic Gun Light Assault Rifle Ballistic Cannon Light Cannon Build | -11 -10 -10 ------- Run | Yrd Mat Sub Slots Evolved . | . . . Power . | . . . Propulsion . | . . . Utility . | . . . Weapon . | . . . Parts Attached 30 | 6 23 1 Power 5 | 1 4 . Engine 5 | 1 4 . Core . | . . . Reactor . | . . . Propulsion 17 | 2 15 . Treads 3 | . 3 . Leg 11 | 2 9 . Wheel . | . . . Hover . | . . . Flight 3 | . 3 . Utility 4 | 1 3 . Device . | . . . Storage 3 | 1 2 . Processor . | . . . Hackware . | . . . Protection 1 | . 1 . Artifact . | . . . Weapon 4 | 2 1 1 Energy Gun . | . . . Energy Cannon . | . . . Ballistic Gun 3 | 2 1 . Ballistic Cannon 1 | . . 1 Launcher . | . . . Special Weapon . | . . . Impact Weapon . | . . . Slashing Weapon . | . . . Piercing Weapon . | . . . Special Melee Weapon . | . . . Unidentified Prototypes 1 | . 1 . Parts Lost 5 | . 1 4 Power 2 | . 1 1 Propulsion 1 | . . 1 Utility 1 | . . 1 Weapon 1 | . . 1 Highest Loss Streak 4 | . 1 4 To Critical Strikes . | . . . Average Backups 9 | 1 9 15 Power . | . . 1 Propulsion 2 | 1 2 3 Utility 2 | . 2 4 Weapon 3 | . 3 7 Tool/Special . | . . . Unused Backups 18 | . 6 12 Power 1 | . . 1 Propulsion 5 | . 3 2 Utility 7 | . 3 4 Weapon 5 | . . 5 Tool/Special . | . . . Average Slot Usage (%) 97 | . 97 97 Engine 13 | . 13 14 Treads 8 | . 7 26 Leg 19 | . 20 . Storage 14 | . 14 14 Protection 12 | . 12 14 Ballistic Gun 27 | . 28 26 Peak Build Rating 12 | 6 12 8 Average Rating 7 | 4 7 7 On Entrance 4 | . 6 8 Naked Turns . | . . . Heaviest Build 29 | 11 29 27 Greatest Support 40 | 20 40 40 Greatest Overweight (x) 3 | . 3 . Average Overweight (x) . | . . . Largest Inventory Capacity 15 | 8 15 15 Average Capacity 10 | 7 10 15 Most Carried 15 | 3 15 15 Average Carried 9 | 2 9 15 Final Capacity 15 | 8 15 15 Final Carried 15 | 3 15 15 Class Distribution -------------------- 71% | Mutant 28% | Scavenger-Mutant Dominant Class ---------------- Mutant | -10/Materials Mutant | -10/Subcaves Resources | -11 -10 -10 ----------- Run | Yrd Mat Sub Matter Collected 739 | 208 531 . Remotely . | . . . Salvage Created 689 | . 689 . Parts 57 | . 57 . Haulers Intercepted 1 | . 1 . Recyclers Shooed . | . . . Parts Field Recycled . | . . . Retrieved Matter . | . . . Parts Self-Destructed 8 | . . 8 Prevented . | . . . Kills | -11 -10 -10 ------- Run | Yrd Mat Sub Combat Hostiles Destroyed 20 | . 20 . Guns 20 | . 20 . Classes Destroyed 5 | . 5 . Tunneler 1 | . 1 . Hauler 1 | . 1 . Watcher 2 | . 2 . Swarmer 8 | . 8 . Grunt 12 | . 12 . Best Kill Streak 4 | . 4 . Combat Bots Only 4 | . 4 . Max Kills in Single Turn 2 | . 2 . Gunslinging 1 | . 1 . Exploded . | . . . Melee . | . . . Uniques/NPCs Destroyed . | . . . Combat | -11 -10 -10 -------- Run | Yrd Mat Sub Hostile Shots Fired 116 | . 86 30 Missed 31 | . 25 6 Hits 85 | . 61 24 Projectile 85 | . 61 24 Damage Taken 1173 | . 596 577 Core 255 | . 122 133 Absorbed by Shields . | . . . Redirected to Shielding 50 | . 21 29 Core Remaining (%) 100 | 100 . . Volleys Fired 88 | . 76 12 Largest 2 | . 2 2 Hottest 50 | . 40 50 Shots Fired 176 | . 152 24 Gun 170 | . 152 18 Cannon 6 | . . 6 Launcher . | . . . Special . | . . . Kinetic 176 | . 152 24 Thermal . | . . . Explosive . | . . . Electromagnetic . | . . . Robot Hit Streak 10 | . 10 7 Robot Miss Streak 6 | . 6 3 Penetration Max . | . . . Secondary Targets 4 | . 4 . Max Gunslinging Chain 1 | . 1 . Shots Hit Robots 104 | . 87 17 Core Hits 41 | . 39 2 Critical Kills . | . . . Critical Parts Destroyed 1 | . 1 . Critical Strikes 1 | . 1 . Destroy 1 | . 1 . Melee Attacks . | . . . Impact . | . . . Slashing . | . . . Piercing . | . . . Sneak Attacks . | . . . Combat Hostiles . | . . . Follow-up Attacks . | . . . Damage Inflicted 1153 | . 964 189 Guns 1083 | . 964 119 Cannons 70 | . . 70 Explosions . | . . . Melee . | . . . Ramming . | . . . Kinetic 1153 | . 964 189 Thermal . | . . . Explosive . | . . . Electromagnetic . | . . . Impact . | . . . Slashing . | . . . Piercing . | . . . Highest Corruption . | . . . Average Corruption . | . . . Corruption Purged . | . . . Corruption Blocked . | . . . Overload Shots . | . . . Overflow Damage . | . . . Projectiles . | . . . Explosions . | . . . Melee . | . . . Knockbacks . | . . . Impact . | . . . Kinetic . | . . . Secondary . | . . . Self-Inflicted Damage . | . . . Shots . | . . . Rammed . | . . . Targets Rammed . | . . . Kicked . | . . . Crushed . | . . . Highest Temperature 12 | . 12 . Average Temperature 6 | . 6 . Received Heat Transfer 399 | . 216 183 Siege Activations . | . . . Martial Activations . | . . . Shielding Activations . | . . . Robots Disrupted . | . . . Combat Hostiles . | . . . Robots Corrupted . | . . . Combat Hostiles . | . . . Parts Fried . | . . . Impact Corruptions . | . . . Robots Melted . | . . . Combat Hostiles . | . . . Parts Melted . | . . . Heat Transferred . | . . . Parts Sabotaged . | . . . Parts Stolen . | . . . Parts Stripped . | . . . Power Chain Reactions . | . . . Alert | -11 -10 -10 ------- Run | Yrd Mat Sub Maximum Alert Level 1 | . 1 . Low Security (%) 99 | 100 99 . Level 1 . | . . . Level 2 . | . . . Level 3 . | . . . Level 4 . | . . . Level 5 . | . . . High Security . | . . . Max Security . | . . . Peak Influence 205 | . 205 . Initial . | . . . Average 98 | . 102 . Influence Increases 551 | . 551 . Destroy 0b10 Robot/C 400 | . 400 . Destroy 0b10 Robot/NC 20 | . 20 . Destroy Leader 66 | . 66 . Successful Hack 35 | . 35 . Lose Combat Pursuer 30 | . 30 . Influence Decreases 551 | . 484 67 Entered New Map 33 | . . 33 Time Decay 498 | . 474 24 Lost Part 20 | . 10 10 Squads Dispatched 3 | . 3 . Investigation 2 | . 2 . Extermination . | . . . Reinforcement 1 | . 1 . Assault . | . . . Garrison . | . . . Intercept . | . . . Searches Triggered . | . . . Construction Impeded . | . . . Haulers Reinforced . | . . . Active Scanning Responses . | . . . Cargo Convoy Interrupts . | . . . Stealth | -11 -10 -10 --------- Run | Yrd Mat Sub Distress Signals 3 | . 3 . Communications Jammed . | . . . Distress Signals . | . . . Times Spotted 38 | . 34 4 Peak Tracking Total 6 | . 6 4 Tactical Retreats 1 | . 1 . Traps | -11 -10 -10 ------- Run | Yrd Mat Sub Traps Triggered 2 | . 2 . Indirectly . | . . . Trap Hack Attempts . | . . . Triggered . | . . . Disarmed . | . . . Reprogrammed . | . . . Reused . | . . . Traps Extracted . | . . . Installed . | . . . Triggered . | . . . Machines | -11 -10 -10 ---------- Run | Yrd Mat Sub Machines Disabled . | . . . Max in Single Turn . | . . . Machines Repaired . | . . . Machines Dismantled . | . . . Machines Sabotaged . | . . . Overloaded Fab Kills . | . . . Hacking | -11 -10 -10 --------- Run | Yrd Mat Sub Machines Accessed 5 | . 5 . Terminals 5 | . 5 . Fabricators . | . . . Repair Stations . | . . . Recycling Units . | . . . Scanalyzers . | . . . Garrison Access . | . . . Total Hacks 16 | . 16 . Successful 9 | . 9 . Failed 7 | . 7 . Catastrophic 1 | . 1 . Database Lockouts . | . . . Manual 16 | . 16 . Terminals 16 | . 16 . Fabricators . | . . . Repair Stations . | . . . Recycling Units . | . . . Scanalyzers . | . . . Garrison Access . | . . . Terminal Hacks 3 | . 3 . Robot Analysis 2 | . 2 . Terminal Index 1 | . 1 . Fabricator Hacks . | . . . Repair Station Hacks . | . . . Recycling Unit Hacks . | . . . Scanalyzer . | . . . Garrison Access Hacks . | . . . Unauthorized Hacks 6 | . 6 . Terminals 6 | . 6 . Botnet 1 | . 1 . Skim 5 | . 5 . Fabricators . | . . . Repair Stations . | . . . Recycling Units . | . . . Scanalyzers . | . . . Garrison Access . | . . . Data Cores Recovered . | . . . Used . | . . . Hacking Detections 5 | . 5 . Full Trace Events . | . . . Feedback Events . | . . . Feedback Blocked . | . . . Robot Schematics Acquired . | . . . Robots Built . | . . . Authchips . | . . . Time . | . . . Total Robot Build Rating . | . . . Part Schematics Acquired . | . . . Parts Built . | . . . Authchips . | . . . Time . | . . . Total Part Build Rating . | . . . Parts Repaired . | . . . Time . | . . . Parts Recycled . | . . . Recycled Matter . | . . . Retrieved Matter . | . . . Retrieved Components . | . . . Parts Scanalyzed . | . . . Part Schematics Acquired . | . . . Parts Damaged . | . . . Bothacking | -11 -10 -10 ------------ Run | Yrd Mat Sub Used RIF Installer . | . . . Robots Hacked . | . . . Non-combat . | . . . Combat . | . . . Robot Hacks Applied . | . . . Relay Couplers Released . | . . . Fabnet Peak Effective % . | . . . Robots Rewired . | . . . Allies Hacked . | . . . Hacks Repelled . | . . . Allies | -11 -10 -10 -------- Run | Yrd Mat Sub Total Allies . | . . . Largest Group . | . . . Highest-Rated Group . | . . . Highest-Rated Ally . | . . . Total Orders . | . . . Ally Attacks . | . . . Total Damage . | . . . Kills . | . . . Allies Corrupted . | . . . Allies Melted . | . . . Intel | -11 -10 -10 ------- Run | Yrd Mat Sub Active Infowar (turns) . | . . . Robot Analysis Total 2 | . 2 . Derelict Logs Recovered . | . . . Drone Launches . | . . . Drone Recoveries . | . . . Exploration | -11 -10 -10 ------------- Run | Yrd Mat Sub Turns Passed 1438 | 60 1313 65 Spaces Moved 846 | 43 784 19 Core 4 | 4 . . Treads 210 | . 191 19 Legs 631 | 39 592 . Wheels . | . . . Hover . | . . . Flight 1 | . 1 . Fastest Speed 50 | 50 120 160 Average Speed 129 | 113 130 160 Slowest Speed 250 | 120 250 160 Overloaded Moves . | . . . Propulsion Burnouts . | . . . Robots Hopped . | . . . Potential Cave-ins . | . . . Cave-ins Triggered . | . . . Exploration Rate (%) 34 | 3 98 3 Regions Visited 2 Branch Regions 1 Pre-discovered Areas . | . . . Known Exits Taken 1 | . 1 . Unknown Exits Taken 1 | 1 . . Scrap Searched . | . . . Spaces Dug . | . . . Terrain Destroyed . | . . . Melee . | . . . Projectile . | . . . AOE . | . . . Terrain Rammed . | . . . Walls Destroyed . | . . . Machines Disabled . | . . . Actions | -11 -10 -10 --------- Run | Yrd Mat Sub Total 1039 | 51 956 32 Wait 15 | . 15 . Move 844 | 42 783 19 Hop . | . . . Pick Up 29 | 3 26 . Fast Attach 12 | 6 6 . Attach 4 | . 4 . Detach . | . . . Swap 17 | . 16 1 Drop 30 | . 30 . Fire 88 | . 76 12 Melee . | . . . Ram . | . . . Kick . | . . . Crush . | . . . Escape Stasis . | . . . Rewire . | . . . Trap . | . . . Miscellaneous . | . . . Route ------- -11/Scrapyard -10/Materials (discovered 5 exits: *Mat x3 / [*Min] / *Sub) -10/Subcaves History --------- Turn | Location | Event 16 | -11/Scrapyard | Discovered new exit (range 16) 61 | -11/Scrapyard | Entered Materials 163 | -10/Materials | Discovered new exit (range 7) 300 | -10/Materials | Build established: Mutant 463 | -10/Materials | Discovered new exit (range 16) 578 | -10/Materials | Discovered new exit (range 11) 899 | -10/Materials | Learned Storage emergency access door positions 936 | -10/Materials | Learned 4 Recycling zone layouts 964 | -10/Materials | Learned Storage security intel 982 | -10/Materials | Learned Storage trap positions 988 | -10/Materials | Identified exit to Materials 988 | -10/Materials | Identified exit to Subcaves 1006 | -10/Materials | Learned 4 Subcaves zone layouts 1035 | -10/Materials | Learned 2 Mines zone layouts 1061 | -10/Materials | Derelicts attacked the area 1374 | -10/Materials | Entered Subcaves 1375 | -10/Subcaves | Approached by a straggling Scientist 1377 | -10/Subcaves | Ambushed by Subdwellers from Twisted Machinery 1405 | -10/Subcaves | Core integrity fell below 50% 1421 | -10/Subcaves | Core integrity fell below 20% 1439 | -10/Subcaves | Destroyed by LQ-7YS(R) with Subdweller Beam Cannon Last Messages --------------- LOCATION=SUBCAVES AMBIENT_HEAT=-10 GOAL=ESCAPE 01375_ 6D-EIS(c): "Thank the algorithms! I was beginning to lose hope I'd never make it past all the Subs lurking out here." Loading 4 Subcaves zones... 01377_ LQ-7YS(R) emerges from the Twisted Machinery. 01378_ 6D-EIS(c): "Hey, let me tag along and I can get us both out of this nasty situation. At least I think I can... The group I got separated from was talking about a shortcut back to the UFD." 01424_ Lgt. Treads destroyed. 6D-EIS(c): "I think it's somewhere northeast of here" 01437_ Lgt. Ion Engine destroyed. 01437_ Lgt. Assault Rifle destroyed. 01439_ Core Shielding destroyed. Map ----- +----------------------------------------------------+ | ?????## #??????????????????????????????????? | | ??????## ##??????????????????????????????????? | | ???????# ##???????????????????????????????????? | | ???????# ####?????????????????????????????????? | | ?????????????????????????????????????????????????? | | ?????????????????????????????????????????????????? | | ?????????????????????????????????????????????????? | | ?????????????????????????????????????????????????? | | ?????????????????????????????????????????????????? | | ?????????????????????????????????????????????????? | | ?????????????????????????????????????????????????? | | ?????????????????????????????????????????????????? | | ????????????????????????????#????????????????????? | | ???????????????????????????? ????????????????????? | | ???????????????????????????? ????????????????????? | | ???????????????????????????? ##??????????????????? | | ????????????????#??????????? #??????????????????? | | ??????????????### ?????????? #??????????????????? | | ??????????????# ????????? #??????????????????? | | ??????????????? ###??????# ##?????????????????? | | ????????????????? #?????# ##????????????????? | | ??????????????????# #???## #????????????????? | | ??????????????????# ??## #?????###????????? | | ???????????????????# ###% #???#### ##???????? | | ??????????????????## ###### #???????? | | ??????????????????# @ R # ###?????? | | ??????????????????# R %% ##????? | | ??????????????????# c ### # #????? | | ??????????????????## ##" ##?# # #????? | | ???????????????????## ""#######??## ##????? | | ????????????????????## ###????????# ## ###?????? | | ?????????????????????##???????????# # !" ??????? | | ?????????????????????????????????# # "" #?###?? | | ????????????????????????????????? " " ### ##? | | ???????????????????????????????? """ # "" [# ## | | ???????????????????????????????"""" #""" # | | ??????????????????????????????#"" """" | | ???????????????????????????????? ""## ## ## | | ???????????????????????????????## "#??????#### | | ????????????????????????????????##????????????#### | | ?????????????????????????????????????????????????? | | ?????????????????????????????????????????????????? | | ?????????????????????????????????????????????????? | | ?????????????????????????????????????????????????? | | ?????????????????????????????????????????????????? | | ?????????????????????????????????????????????????? | | ?????????????????????????????????????????????????? | | ?????????????????????????????????????????????????? | | ?????????????????????????????????????????????????? | | ?????????????????????????????????????????????????? | +----------------------------------------------------+ Best States ------------- Heat Dissipation 25 Energy Generation 10 Energy Capacity 250 Matter Stores 300 Matter Capacity 300 Sight Range 16 Terrain Scan Density 10 Core Shielding 20 Evasion (%) 55 Recoil Reduction 2 Item Schematics ----------------- None Robot Schematics ------------------ None Fabricated ------------ Nothing Repaired ---------- Nothing Alien Tech Used ----------------- None Achievements -------------- None Challenges ------------ None Game ------ Seed ChainComponentProjector Manual? 0 Play Time 00:09:14 Cumulative 98.2 hours Start 2025.05.18 @ 15:13:50 End 2025.05.18 @ 15:22:27 Sessions 1 Manual Loads 0 Difficulty Rogue Special Mode None Game No. 261 Rogue 259 Adventurer 2 Explorer 0 Win Type - Total 1 Types 1/0/0/0/0/0/0/0/0/0 Lore% 73 Gallery% 59 Achievement% 50 Wizard Run 0 Options --------- Layout 2 ASCII 0 Keyboard 0 Movement Arrows Keybinds 0 Fullscreen 2 Font 24/Smallcaps Map View 50x44 Zoom Use 0% Tactical HUD 1 Map Filters NONE Filters NONE Steam 1 RUN: ba6b82cb-289b-4894-9efb-160552681873